 Dungeon Crawl Stone Soup version 0.31.0-11-ge490571c62 (webtiles) character file.

Game seed: 3056167611436719099

20 SigmundSlayer the Covered (level 2, -3/29 HPs)
             Began as a Gnoll Wanderer on Feb 2, 2024.
             Killed by nerve-wracking pain
             ... invoked by Jessica
              (11 damage)
             ... on level 2 of the Dungeon.
             The game lasted 00:01:33 (870 turns).

SigmundSlayer the Covered (Gnoll Wanderer)           Turns: 870, Time: 00:01:33

Health: -3/29      AC: 10    Str: 12    XL:     2   Next: 79%
Magic:  5/5        EV:  6    Int: 12    God:
Gold:   52         SH:  0    Dex: 15    Spells: 6/6 levels left

rFire   . . .        a - +0 club
rCold   . . .        (no shield)
rNeg    . . .        d - +0 chain mail
rPois   .            (no helmet)
rElec   .            (no cloak)
rCorr   .            (no gloves)
SInv    .            (no boots)
Will    .....        (no amulet) Stlth
                     f - +6 ring of dexterity
HPRegen 0.24/turn    (no ring)
MPRegen 0.09/turn

%: no passive effects
@: no status effects
A: fangs 1, strong nose, distributed training
a: no special abilities


You were on level 2 of the Dungeon.
You visited 1 branch of the dungeon, and saw 2 of its levels.

You collected 52 gold pieces.

Inventory:

Hand Weapons
 a - a +0 club (weapon)
Armour
 d - a +0 chain mail (worn)
Jewellery
 f - a +6 ring of dexterity (left hand)
Potions
 b - a potion of lignification
 c - a potion of heal wounds
 e - a potion of curing {unknown}
 g - a potion of brilliance {unknown}


   Skills:
 + Level 6.5 Fighting
 + Level 0.5 Short Blades
 + Level 0.5 Long Blades
 + Level 0.5 Axes
 + Level 0.5 Maces & Flails
 + Level 0.5 Polearms
 + Level 0.5 Staves
 + Level 0.5 Ranged Weapons
 + Level 0.5 Throwing
 + Level 6.5 Armour
 + Level 0.5 Dodging
 + Level 0.5 Stealth
 + Level 0.5 Shields
 + Level 0.5 Unarmed Combat
 + Level 2.7 Spellcasting
 + Level 0.4 Conjurations
 + Level 0.4 Hexes
 + Level 0.4 Summonings
 + Level 0.4 Necromancy
 + Level 5.4 Translocations
 + Level 0.4 Fire Magic
 + Level 0.4 Ice Magic
 + Level 0.4 Air Magic
 + Level 0.4 Earth Magic
 + Level 0.4 Alchemy
 + Level 0.7 Invocations
 + Level 0.5 Evocations
 + Level 0.5 Shapeshifting


You had 6 spell levels left.
You didn't know any spells.
Your spell library contained the following spells:

 Spells                   Type           Power      Damage    Failure   Level
 Blink                    Tloc           28%        N/A       58%         2
 Momentum Strike          Conj/Tloc      16%        3d8       90%         2
 Cigotuvi's Dreadful Rot  Necr/Alch/Air  4%         N/A       99%         2
 Ignite Poison            Fire/Alch      2%         N/A       100%        4
 Freezing Cloud           Conj/Ice/Air   1%         6-21      100%        5


Dungeon Overview and Level Annotations

Branches:
Dungeon (2/15)

Altars:

Shops:
D:1 ?([!?

Annotations:
D:2 Jessica


Innate Abilities, Weirdness & Mutations

You have very sharp teeth.
Your uncanny sense of smell can sniff out nearby items.
Your experience applies equally to all skills.


Message History

Jessica barely misses you. Jessica closely misses you.
You barely miss Jessica.
Jessica is severely wounded.
Jessica hits you but does no damage. Jessica hits you with a +0 club.
You hit Jessica but do no damage.
Jessica is severely wounded.
Jessica very coldly says, "I hate your company."
Jessica hits you but does no damage. x2
You hit Jessica.
Jessica is severely wounded.
Jessica hits you with a +0 club. Jessica closely misses you.
You barely miss Jessica. You bite Jessica, but do no damage.
Jessica is severely wounded.
Jessica hits you but does no damage.
Jessica gestures wildly while chanting.
Jessica blinks!
Jessica casts a spell.
Jessica blinks!
You see here an adder corpse.
Jessica very coldly says, "I hate your company."
Jessica barely misses you. Jessica gestures at you while chanting.
Pain shoots through your body!
You are too injured to fight recklessly!
You are too injured to fight recklessly!
You are too injured to fight recklessly!
You are too injured to fight recklessly!
You barely miss Jessica.
Jessica is severely wounded.
Jessica hits you with a +0 club.
* * * LOW HITPOINT WARNING * * *
Jessica gestures wildly while chanting.
Jessica blinks!
You aren't carrying any items that you can evoke.
Okay, then.
Jessica casts a spell.
Jessica blinks!
Jessica points at you and mumbles some strange words.
Pain shoots through your body!
You die...

########
#......#
#......# ∆
#......+
#......#
#.....<#
#....†.#
#....@.#
#......#
#......#
#@...§.#
.........#
.........#
.........#
....######
....


You could see Jessica (fast).

Vanquished Creatures
  An adder (D:2)
  3 bats (D:1)
  An endoplasm (D:1)
  A hobgoblin (D:2)
  2 ball pythons (D:1)
  2 frilled lizards (D:1)
  A kobold (D:1)
  2 rats (D:1)
13 creatures vanquished.

Notes
Turn   | Place    | Note
-------+----------+-------------------------------------------
     0 | D:1      | SigmundSlayer the Gnoll Wanderer began the quest for the
                  | Orb.
     0 | D:1      | SigmundSlayer set off with the following items: a +0 club,
                  | a potion of lignification, a potion of heal wounds, a +0
                  | chain mail; and the following spells available to memorise:
                  | Blink, Momentum Strike.
     0 | D:1      | Reached XP level 1. HP: 23/23 MP: 4/4
   105 | D:1      | Found Bontir's Armour Shoppe.
   218 | D:1      | Found Igidujai's Magic Scroll Shop.
   242 | D:1      | Found Luniz's Distillery.
   393 | D:1      | Reached XP level 2. HP: 29/29 MP: 5/5
   653 | D:1      | Found Gurietsi's Magic Scroll Boutique.
   725 | D:1      | Found Lyfrextasyda's Weapon Shoppe.
   844 | D:2      | Noticed Jessica
   870 | D:2      | Killed from afar by Jessica

Illustrated notes

Levels and vault maps discovered:
D:1:      dpeg_arrival_arbitrary_c, layout_basic, serial_shops,
          nicolae_shop_pleasant_corner_grove, nicolae_shop_rolled_up, shop,
          nicolae_shop_rolling_square, shop
D:2:      layout_basic, shapermc_ecumenical_altar_mp_ritualfount, basic_altar,
          grunt_decor_junction, nicolae_houndstooth_variations, uniq_jessica

Action                     || total
---------------------------++-------
  Melee: Club              ||    55
         Bite              ||     4
 Armour: Chain mail        ||    64
  Dodge: Dodged            ||    31
